 Dungeon Crawl Stone Soup version 0.19.1 (webtiles) character file.

5823 Leibowitz the Spear-Bearer (level 10, -10/86 HPs)
             Began as a Demigod Gladiator on Dec 3, 2016.
             Mangled by a white ugly thing (18 damage)
             ... on level 11 of the Dungeon.
             The game lasted 00:29:41 (11926 turns).

Leibowitz the Spear-Bearer (Demigod Gladiator)     Turns: 11926, Time: 00:29:42

Health: -10/86     AC:  6    Str: 20    XL:     10   Next: 26%
Magic:  0/17       EV: 17    Int: 12    God:
Gold:   473        SH:  0    Dex: 20    Spells: 1 memorised, 12 levels left

rFire  . . .     SeeInvis .     a - +1 trident (pierce)
rCold  . . .     Gourm    .     M - +0 leather armour
rNeg   . . .     Faith    .     (no shield)
rPois  +         Spirit   +     c - +1 helmet
rElec  .         Reflect  .     (no cloak)
rCorr  .         Harm     .     N - +0 pair of gloves
MR     +....                    (no boots)
Stlth  +++.......               G - amulet of guardian spirit
                                r - +2 ring of slaying
                                (no ring)

@: lethally poisoned (-10 -> -11)
A: high mp 1, poison resistance
a: no special abilities


You were on level 11 of the Dungeon.
You were not hungry.

You visited 1 branch of the dungeon, and saw 11 of its levels.
You also visited: Ossuary.

You collected 473 gold pieces.

Inventory:

Hand Weapons
 a - a +1 trident of piercing (weapon)
 b - a +0 blowgun
 F - a +0 glaive
Missiles
 n - a throwing net (quivered)
 q - 75 poisoned needles
Armour
 c - a +1 helmet (worn)
 M - a +0 leather armour (worn)
 N - a +0 pair of gloves (worn)
Jewellery
 o - an uncursed amulet of magic regeneration
 r - a +2 ring of slaying (right hand)
 G - an amulet of guardian spirit (around neck)
Wands
 u - a wand of digging (16/24)
 y - a wand of polymorph (6/24)
 z - a wand of flame (38/48)
Scrolls
 e - 2 scrolls of fear
 h - 3 scrolls of remove curse
 i - 15 scrolls of identify
 j - 2 scrolls of immolation
 p - 4 scrolls of teleportation
 s - 3 scrolls of magic mapping
 v - a scroll of enchant armour
 w - 5 scrolls of noise
 x - 2 scrolls of amnesia
 H - a scroll of blinking
Potions
 d - 2 potions of brilliance
 g - 6 potions of curing
 k - 2 potions of cancellation
 l - a potion of cure mutation
 m - 3 potions of agility
 t - a potion of might
 E - 2 potions of lignification
 I - a potion of flight
 J - 2 potions of ambrosia
 K - a potion of heal wounds
Comestibles
 f - 6 bread rations
 A - a meat ration
 B - a beef jerky
 C - a slice of pizza
 D - 24 fruits
 L - 9 chunks of flesh


   Skills:
 * Level 7.2 Fighting
 + Level 8.9 Polearms
 + Level 1.9 Throwing
 + Level 3.5 Armour
 * Level 6.8 Dodging
 + Level 4.2 Stealth
 * Level 2.4 Spellcasting
 * Level 2.9 Hexes


You had 12 spell levels left.
You knew the following spells:

 Your Spells              Type           Power        Failure   Level  Hunger
a - Confusing Touch       Hex            #.....       10%         1    ##.....


Dungeon Overview and Level Annotations

Branches:
Dungeon (11/15)            Temple (0/1) D:6
   Lair: D:8-11         Orc: D:9-12

Shops:
D:8 ((

Annotations:
D:4 Grinder
D:10 qice's ghost, journeyman FoFi


Innate Abilities, Weirdness & Mutations

You have an increased reservoir of magic. (+10% MP)
Your system is resistant to poisons. (rPois)


Message History

You feel sick.
Things that are here:
a shortbow; 15 arrows
There is a stone staircase leading down here.
You climb downwards.
A white ugly thing comes into view.
You feel sick.
The white ugly thing gurgles horribly!
You hear a roar!
Found 11 gold pieces.
There is a stone staircase leading up here.
You barely miss the white ugly thing. You hit the white ugly thing.
The white ugly thing is lightly wounded.
The white ugly thing kicks you! The white ugly thing freezes you!!
* * * LOW HITPOINT WARNING * * *
A seven-headed hydra comes into view.
The white ugly thing kicks you!
* * * LOW HITPOINT WARNING * * *
The white ugly thing freezes you!!
You die...

#.#####...
#........
#.......#
#.......#
#.......#
#.......#
##..$..u.#
#.....@..#
..#..####D.....
#.. ##### #


You could see a seven-headed hydra and a white ugly thing.

Vanquished Creatures
  Psyche (D:8)
  A hippogriff (D:8)
  Sigmund (D:3)
  A hungry ghost (D:8)
  A water moccasin (D:8)
  4 orc warriors
  2 sky beasts
  2 ice beasts
  A necrophage (D:8)
  4 phantoms
  6 ogres
  4 centaurs
  Blork the orc (D:5)
  An elf zombie (Ossuary)
  2 big kobolds
  4 bullfrogs
  A wyvern zombie (D:9)
  5 scorpions
  3 killer bees (D:8)
  An electric eel (D:9)
  4 howler monkeys
  A bullfrog zombie (D:7)
  3 crimson imps
  3 human zombies
  A jelly (D:7)
  2 centaur skeletons
  4 hounds
  7 orc priests
  3 bullfrog skeletons
  2 human skeletons (D:4)
  6 orc wizards
  3 iguanas
  13 worker ants
  A big kobold zombie (Ossuary)
  5 hound zombies
  2 hound skeletons
  3 mummies (Ossuary)
  A worker ant zombie (D:5)
  12 adders
  4 gnolls (D:7)
  4 shadow imps
  An ooze (D:1)
  4 adder zombies
  5 adder skeletons
  4 worms
  4 leopard geckos
  21 orcs
  A ball python (D:4)
  2 giant cockroaches
  3 gnoll zombies (Ossuary)
  8 goblins
  6 hobgoblins
  4 jackals
  6 quokkas
  6 bats
  2 frilled lizards
  2 goblin zombies (Ossuary)
  5 hobgoblin zombies (Ossuary)
  A jackal zombie (Ossuary)
  15 kobolds
  4 kobold zombies (Ossuary)
  A leopard gecko skeleton (D:8)
  A leopard gecko zombie (D:5)
  3 orc skeletons (D:4)
  2 orc zombies (Ossuary)
  8 rats
  A rat zombie (Ossuary)
250 creatures vanquished.

Notes
Turn   | Place    | Note
-------+----------+-------------------------------------------
     0 | D:1      | Leibowitz the Demigod Gladiator began the quest for the Orb.
     0 | D:1      | Reached XP level 1. HP: 17/17 MP: 3/3
   379 | D:1      | Reached XP level 2. HP: 24/24 MP: 4/4
   388 | D:1      | Reached skill level 3 in Polearms
   970 | D:2      | Found a white marble altar of Elyvilon.
  1093 | D:2      | Reached XP level 3. HP: 8/29 MP: 5/5
  2096 | D:2      | Found a faded altar of an unknown god.
  2096 | D:2      | Found a faded altar of an unknown god.
  2101 | D:2      | Found a faded altar of an unknown god.
  2104 | D:2      | Found a faded altar of an unknown god.
  2106 | D:2      | Found a snail-covered altar of Cheibriados.
  2533 | D:3      | Reached skill level 1 in Armour
  2533 | D:3      | Reached XP level 4. HP: 19/36 MP: 6/6
  2663 | D:3      | Noticed Sigmund
  3425 | D:4      | Found a sand-covered staircase.
  3439 | D:4      | Reached skill level 4 in Polearms
  3439 | D:4      | Reached XP level 5. HP: 35/42 MP: 7/7
  3445 | Ossuary  | Entered an ossuary
  3872 | Ossuary  | Reached XP level 6. HP: 33/51 MP: 8/8
  4104 | Ossuary  | Reached skill level 5 in Polearms
  4950 | D:4      | Reached XP level 7. HP: 55/57 MP: 9/9
  5150 | D:4      | Noticed Grinder
  5164 | D:4      | Paralysed by Grinder for 5 turns
  5844 | D:3      | Killed Sigmund
  5917 | D:3      | Found a bloodstained altar of Trog.
  6081 | D:5      | Entered Level 5 of the Dungeon
  6095 | D:5      | Noticed Blork the orc
  6120 | D:5      | Killed Blork the orc
  6120 | D:5      | Reached skill level 1 in Stealth
  6229 | D:5      | Reached skill level 6 in Polearms
  6550 | D:5      | Reached skill level 5 in Dodging
  6550 | D:5      | Reached XP level 8. HP: 41/67 MP: 10/10
  6797 | D:5      | Found a burning altar of Makhleb.
  6962 | D:5      | Found a glowing golden altar of the Shining One.
  6985 | D:5      | Found an iron altar of Okawaru.
  7259 | D:5      | Found a basalt altar of Yredelemnul.
  7261 | D:5      | Noticed a profane servitor
  7340 | D:6      | Found a hide-covered altar of Uskayaw.
  7341 | D:6      | Noticed a dagger
  7341 | D:6      | Noticed a dagger
  7441 | D:6      | Reached skill level 5 in Fighting
  7716 | D:6      | Found an opulent altar of Gozag.
  7728 | D:6      | Found a stormy altar of Qazlal.
  8015 | D:6      | Reached skill level 7 in Polearms
  8115 | D:6      | Found a staircase to the Ecumenical Temple.
  8338 | D:6      | Found a radiant altar of Vehumet.
  8834 | D:7      | Reached XP level 9. HP: 66/75 MP: 11/11
  9396 | D:7      | Learned a level 1 spell: Confusing Touch
  9659 | D:8      | Reached skill level 8 in Polearms
  9722 | D:8      | Found Izyrihi's Weapon Boutique.
  9775 | D:8      | Reached skill level 1 in Hexes
  9807 | D:8      | Reached skill level 1 in Spellcasting
 10062 | D:8      | Noticed Psyche
 10067 | D:8      | Killed Psyche
 10360 | D:8      | Found Ucwanna's Weapon Emporium.
 10838 | D:9      | Reached XP level 10. HP: 60/84 MP: 11/16
 11105 | D:9      | Found a sparkling altar of Nemelex Xobeh.
 11284 | D:9      | Gained mutation: Your system is resistant to poisons. (rPois) [potion of beneficial mutation]
 11883 | D:10     | Entered Level 10 of the Dungeon
 11919 | D:10     | Noticed qice's ghost (journeyman FoFi)
 11923 | D:11     | Noticed a white ugly thing
 11926 | D:11     | Noticed a seven-headed hydra
 11926 | D:11     | Mangled by a white ugly thing

Skill      XL: |  1  2  3  4  5  6  7  8  9 10 |
---------------+-------------------------------+-----
Polearms       | 3 4 5 6 7 8 |  8.9
Dodging        | 3 4 5 6 |  6.8
Fighting       | 2 3 4 5 6 7 |  7.2
Armour         | 1 2 3 |  3.5
Stealth        | 1 3 4 |  4.2
Hexes          | 2 |  2.9
Spellcasting   | 1 2 |  2.4
Throwing       | |  1.9

Action                   |  1- 3 |  4- 6 |  7- 9 | 10-12 || total
-------------------------+-------+-------+-------+-------++-------
Melee: Trident           |   126 |   286 |   549 |   134 ||  1095
       Unarmed           |       |       |    12 |     3 ||    15
Throw: Throwing net      |     1 |     1 |     2 |       ||     4
 Cast: Confusing Touch   |       |       |     4 |     2 ||     6
  Use: Scroll            |     7 |     2 |     7 |     2 ||    18
       Potion            |       |     1 |    10 |     1 ||    12
 Stab: Sleeping          |     2 |     4 |    16 |     3 ||    25
       Distracted        |     1 |     1 |     3 |       ||     5
       Confused          |       |       |     5 |     2 ||     7
  Eat: Chunk             |     4 |     3 |    20 |     4 ||    31
       Beef jerky        |       |     1 |       |       ||     1
       Bread ration      |       |     1 |       |       ||     1
Armor: Leather armour    |    41 |    51 |    74 |    14 ||   180
Dodge: Dodged            |    65 |   161 |   339 |    89 ||   654
